[Event "11th LCC Rapid 2019"]
[Site "London"]
[Date "2019.12.07"]
[Round "2.20"]
[White "Chakanyuka, Charles"]
[Black "Ignatovic, Ernest"]
[Result "0-1"]
[WhiteElo "1995"]
[BlackElo "1703"]
[PlyCount "124"]
[EventDate "2019.12.08"]
[EventType "swiss"]
[EventCountry "ENG"]
[TimeControl "15+10"]
[WhiteClock "0:01:29"]
[BlackClock "0:02:52"]

1. c4 Nf6 2. Nc3 d6 3. Nf3 g6 4. g3 Bg7 5. Bg2 O-O 6. O-O e5 7. d3 Nc6 8. Rb1 Rb8 9. b4 b6 10. b5 Na5 11. Bg5 h6 12. Bd2 Nh5 13. Qc1 Kh7 14. Nd5 Nb7 15. Nb4 Na5 16. Nd5 Nb7 17. e4 Nc5 18. Ne1 f5 19. Be3 Nf6 20. Bxc5 bxc5 21. Nc2 Nxd5 22. cxd5 f4 23. Qd1 Qg5 24. Ne1 Bg4 25. f3 Bd7 26. g4 Bxb5 27. Qc2 Rb6 28. Qf2 Rfb8 29. h4 Qe7 30. Bh3 g5 31. h5 Qd7 32. Qd2 Ba6 33. Rxb6 cxb6 34. Nc2 Qa4 35. Na1 Qd4+ 36. Kh2 Bxd3 37. Rd1 c4 38. Nc2 Bxc2 39. Qxc2 Qc5 40. Rb1 b5 41. Bf1 Bf6 42. Rb2 Rc8 43. Qc3 Bd8 44. a4 a6 45. axb5 Bb6 46. Bg2 axb5 47. Rb1 Ra8 48. Qb2 c3 49. Qb3 Ra3 50. Qc2 b4 51. Kh3 b3 52. Rxb3 Rxb3 53. Qxb3 c2 54. Qa4 Qc7 55. Qe8 Qg7 56. Qc8 Bc5 57. Qf5+ Kh8 58. Qc8+ Qg8 59. Qf5 c1=Q 60. Qf6+ Qg7 61. Qd8+ Kh7 62. Qc8 Qe1 0-1

[Event "11th LCC Rapid 2019"]
[Site "London"]
[Date "2019.12.07"]
[Round "2.21"]
[White "Jezierski, Colum"]
[Black "Rosario, Paulo Rbd"]
[Result "1-0"]
[WhiteElo "1908"]
[BlackElo "1767"]
[PlyCount "65"]
[EventDate "2019.12.08"]
[EventType "swiss"]
[EventCountry "ENG"]
[TimeControl "15+10"]
[WhiteClock "0:07:03"]
[BlackClock "0:07:12"]

1. e4 d6 2. d4 Nf6 3. Nc3 e5 4. Nf3 exd4 5. Nxd4 Be7 6. Be2 O-O 7. Be3 Re8 8. O-O Bf8 9. f3 c6 10. Qd2 d5 11. exd5 Nxd5 12. Nxd5 Qxd5 13. c4 Qe5 14. Bf2 c5 15. Bd3 cxd4 16. Rfe1 Qe3 17. Bxe3 dxe3 18. Qc2 h6 19. Kh1 Nc6 20. a3 a5 21. c5 a4 22. Be4 Nd4 23. Qc3 Nb3 24. Rad1 Bxc5 25. Rd5 Bb6 26. g4 Ba5 27. Rxa5 Rxa5 28. Rxe3 Rae5 29. Bh7+ Kxh7 30. Rxe5 Rxe5 31. Qxe5 Bd7 32. Qe4+ f5 33. Qxb7 1-0

[Event "11th LCC Rapid 2019"]
[Site "London"]
[Date "2019.12.07"]
[Round "2.22"]
[White "Rushbrooke, Tibo"]
[Black "Tombolis, Christopher"]
[Result "1-0"]
[WhiteElo "1730"]
[BlackElo "1875"]
[PlyCount "91"]
[EventDate "2019.12.08"]
[EventType "swiss"]
[EventCountry "ENG"]
[TimeControl "15+10"]
[WhiteClock "0:09:09"]
[BlackClock "0:00:48"]

1. e4 c5 2. f4 g6 3. d4 cxd4 4. Qxd4 Nf6 5. e5 Nc6 6. Qd3 Ng4 7. Be2 Nh6 8. Nf3 e6 9. Nc3 d5 10. O-O Nf5 11. g4 Bc5+ 12. Kh1 Nh4 13. Be3 Bxe3 14. Qxe3 d4 15. Nxd4 Qxd4 16. Qg3 Qd8 17. Rad1 Qe7 18. Ne4 Kf8 19. Nf6 g5 20. fxg5 Ng6 21. Qh3 h6 22. gxh6 Ncxe5 23. h7 Qc7 24. Qh6+ Ke7 25. Ng8+ Ke8 26. Nf6+ Ke7 27. Ng8+ Ke8 28. Qg5 Bd7 29. Nf6+ Ke7 30. Nd5+ Kd6 31. Nxc7+ Kxc7 32. Rxf7 Nxf7 33. Qxg6 Ne5 34. Qg7 Nc6 35. Rxd7+ Kb6 36. Rxb7+ Kc5 37. Qc3+ Kd6 38. Bf3 Rac8 39. Bxc6 Rxc6 40. Qxh8 Rxc2 41. Qd8+ Kc5 42. Qc7+ Kd4 43. Qxc2 e5 44. h8=Q Ke3 45. Qxe5+ Kf3 46. Qce2# 1-0

[Event "11th LCC Rapid 2019"]
[Site "London"]
[Date "2019.12.07"]
[Round "2.23"]
[White "Deaconu, Mihai-Ionut"]
[Black "Thatte, Nishchal"]
[Result "0-1"]
[WhiteElo "1957"]
[BlackElo "1723"]
[PlyCount "132"]
[EventDate "2019.12.08"]
[EventType "swiss"]
[EventCountry "ENG"]
[TimeControl "15+10"]
[WhiteClock "0:01:34"]
[BlackClock "0:00:29"]

1. d4 Nf6 2. c4 e6 3. Nc3 Bb4 4. Qc2 O-O 5. a3 Bxc3+ 6. Qxc3 b6 7. Bg5 Bb7 8. f3 d5 9. e3 Nbd7 10. Bd3 c5 11. Ne2 Rc8 12. b3 cxd4 13. exd4 Qc7 14. Bf4 Qd8 15. Bd6 Re8 16. c5 bxc5 17. dxc5 e5 18. Qb4 Bc6 19. Ba6 Ra8 20. O-O d4 21. Ng3 Nd5 22. Qd2 Nf8 23. b4 Qd7 24. Qd3 Nf4 25. Qb1 N8e6 26. a4 Nd5 27. b5 Nc3 28. Qc2 Bd5 29. Ne4 Bxe4 30. fxe4 Nf4 31. Rae1 Nce2+ 32. Kh1 Qg4 33. Rxf4 Nxf4 34. c6 Qe6 35. Bc5 Ng6 36. g3 Qg4 37. Qd3 Nf8 38. Bb7 Ne6 39. Bb4 Rad8 40. a5 Qg6 41. b6 axb6 42. axb6 Rb8 43. Qb5 Nd8 44. Qd5 Nxb7 45. c7 Qxb6 46. cxb8=Q Rxb8 47. Qxe5 Ra8 48. Qe7 d3 49. Rf1 h6 50. Rxf7 Ra1+ 51. Kg2 Rg1+ 52. Kh3 Qg6 53. Rf4 Qh5+ 54. Rh4 Qf3 55. Qxb7 Qg2+ 56. Kg4 Qe2+ 57. Kf5 Qf3+ 58. Ke5 Qf6+ 59. Kd5 Qg5+ 60. Kd4 d2 61. Bxd2 Qxd2+ 62. Ke5 Qg5+ 63. Kd4 Rd1+ 64. Kc4 Qc1+ 65. Kb5 Qb2+ 66. Kc6 Rc1+ 0-1

[Event "11th LCC Rapid 2019"]
[Site "London"]
[Date "2019.12.07"]
[Round "2.24"]
[White "Phillips, David A"]
[Black "Titorenko, Kostyantyn"]
[Result "1-0"]
[WhiteElo "2055"]
[BlackElo "1772"]
[PlyCount "111"]
[EventDate "2019.12.08"]
[EventType "swiss"]
[EventCountry "ENG"]
[TimeControl "15+10"]
[WhiteClock "0:00:34"]
[BlackClock "0:00:57"]

1. d4 Nf6 2. Bf4 d6 3. Nf3 g6 4. e3 Bg7 5. h3 O-O 6. Be2 Nc6 7. O-O e5 8. Bh2 exd4 9. exd4 Re8 10. c4 Bf5 11. Nc3 Ne4 12. Nd5 Ne7 13. Ne3 Bd7 14. Bd3 Nf5 15. Qc2 Nxe3 16. fxe3 Ng5 17. Rae1 Nxf3+ 18. Rxf3 Qg5 19. Bf4 Qa5 20. Ref1 Rf8 21. a3 b5 22. c5 d5 23. Qc1 c6 24. Bd6 Be6 25. Bxf8 Rxf8 26. b4 Qc7 27. Qe1 f5 28. Qg3 Qd7 29. Ra1 Re8 30. Kh1 Bf7 31. a4 a6 32. axb5 axb5 33. Ra3 Bh6 34. Bc2 Kg7 35. Bxf5 Qe7 36. Bc2 Be6 37. Qe5+ Kg8 38. Qd6 Qxd6 39. cxd6 Bf8 40. Ra6 Bxd6 41. Rxc6 Bxb4 42. Rb6 Bd7 43. Bb3 Kg7 44. Bxd5 Kh6 45. Rf7 Bf5 46. Rxb5 Bd6 47. Rb3 Rc8 48. g4 Rc1+ 49. Kg2 Bc8 50. Rf1 Rc2+ 51. Rf2 Rc7 52. e4 Bf8 53. Rxf8 Ba6 54. h4 g5 55. Rb6+ Kg7 56. Rg8# 1-0

[Event "11th LCC Rapid 2019"]
[Site "London"]
[Date "2019.12.07"]
[Round "2.25"]
[White "Conway, Paul Bernard"]
[Black "Nayak, Raghav"]
[Result "1-0"]
[WhiteElo "1837"]
[BlackElo "1914"]
[PlyCount "127"]
[EventDate "2019.12.08"]
[EventType "swiss"]
[EventCountry "ENG"]
[TimeControl "15+10"]
[WhiteClock "0:02:03"]
[BlackClock "0:02:49"]

1. e4 e5 2. Nf3 Nc6 3. Bb5 a6 4. Ba4 Nf6 5. O-O Be7 6. Re1 b5 7. Bb3 O-O 8. a4 Bb7 9. d3 d6 10. c3 Na5 11. Bc2 c5 12. Nbd2 Qc7 13. axb5 axb5 14. Nf1 Rfe8 15. Ng3 Nc6 16. Rxa8 Rxa8 17. Nf5 Bc8 18. N3h4 Ra1 19. Qe2 Bf8 20. Bg5 Rxe1+ 21. Qxe1 Qd8 22. h3 h6 23. Be3 Be6 24. d4 cxd4 25. cxd4 exd4 26. Nxd4 Nxd4 27. Bxd4 d5 28. e5 Nd7 29. f4 Qc7 30. Qd2 Bc5 31. Bxc5 Qxc5+ 32. Kh1 Nf8 33. f5 Bd7 34. Nf3 Bc6 35. Nd4 Bb7 36. Qd3 Qc4 37. Nxb5 Qxd3 38. Bxd3 Ba6 39. Be2 Nd7 40. e6 fxe6 41. fxe6 Nf6 42. Nd4 Bxe2 43. Nxe2 Kf8 44. Nd4 Ke7 45. Kg1 g6 46. Kf1 Ne4 47. b4 Ng5 48. Ke2 Nxe6 49. Nxe6 Kxe6 50. Ke3 Kd6 51. Kd4 g5 52. g4 Kc6 53. b5+ Kxb5 54. Kxd5 Kb4 55. Ke5 Kc4 56. Kf5 Kd4 57. Kg6 Ke4 58. Kxh6 Kf4 59. Kh5 Kg3 60. Kxg5 Kxh3 61. Kh5 Kg3 62. g5 Kf4 63. g6 Ke5 64. g7 1-0

[Event "11th LCC Rapid 2019"]
[Site "London"]
[Date "2019.12.07"]
[Round "2.26"]
[White "Trivedi, Aarnavh"]
[Black "Watson, Jacob"]
[Result "0-1"]
[WhiteElo "1761"]
[BlackElo "1922"]
[PlyCount "66"]
[EventDate "2019.12.08"]
[EventType "swiss"]
[EventCountry "ENG"]
[TimeControl "15+10"]
[WhiteClock "0:11:44"]
[BlackClock "0:13:47"]

1. d4 d5 2. Bf4 Nf6 3. e3 c5 4. Nc3 Nc6 5. Nb5 e5 6. dxe5 Qa5+ 7. c3 a6 8. exf6 axb5 9. Qxd5 Be6 10. Qe4 gxf6 11. Nf3 Bg7 12. Bd6 f5 13. Qc2 b4 14. a3 bxc3 15. b3 Bxb3 16. Qxb3 c2+ 17. Nd2 Bxa1 18. Qxc2 Bc3 19. Bc4 Bxd2+ 20. Qxd2 Qxd2+ 21. Kxd2 Rd8 22. Rb1 Rxd6+ 23. Ke2 Na5 24. Bb5+ Ke7 25. Bd3 b6 26. Bxf5 h6 27. g4 Rhd8 28. Kf3 Nc4 29. Rc1 Ne5+ 30. Kg3 Nd3 31. Rb1 c4 32. h4 c3 33. Rb3 c2 0-1

[Event "11th LCC Rapid 2019"]
[Site "London"]
[Date "2019.12.07"]
[Round "2.27"]
[White "Clarke, Connor"]
[Black "Zheng, William"]
[Result "1-0"]
[WhiteElo "1704"]
[BlackElo "1672"]
[PlyCount "97"]
[EventDate "2019.12.08"]
[EventType "swiss"]
[EventCountry "ENG"]
[TimeControl "15+10"]
[WhiteClock "0:01:17"]
[BlackClock "0:00:35"]

1. d4 e6 2. Nc3 d5 3. Bf4 Bb4 4. Qd3 Nf6 5. a3 Ba5 6. e3 O-O 7. h3 a6 8. Nf3 Bd7 9. b4 Bb6 10. Be2 a5 11. O-O axb4 12. axb4 Nc6 13. b5 Nb4 14. Qd2 Ba5 15. Rfb1 Na2 16. Rxa2 Ne4 17. Qe1 Nxc3 18. Rxa5 Nxe2+ 19. Kh1 Nxf4 20. exf4 Rxa5 21. Qxa5 c6 22. b6 Qf6 23. Ne5 Bc8 24. Qd2 Qd8 25. Qb4 Qh4 26. Qd2 Qd8 27. g3 f6 28. Nd3 e5 29. dxe5 fxe5 30. Nxe5 Bxh3 31. Kh2 Bf5 32. Rb3 Qe8 33. g4 Bxg4 34. Nxg4 Qh5+ 35. Kg3 Qh1 36. f3 h5 37. Qh2 Qe1+ 38. Nf2 Re8 39. Qh1 h4+ 40. Kg2 Qd2 41. Qxh4 Qxc2 42. Ra3 Re6 43. Ra8+ Kf7 44. Kg3 Rg6+ 45. Ng4 Qb1 46. Kh2 Qxb6 47. Ne5+ Ke6 48. Re8+ Kd6 49. Qe7# 1-0

[Event "11th LCC Rapid 2019"]
[Site "London"]
[Date "2019.12.07"]
[Round "2.28"]
[White "Jain, Gautam"]
[Black "Kirupakaran, Vishnu"]
[Result "1-0"]
[WhiteElo "1900"]
[BlackElo "1871"]
[PlyCount "51"]
[EventDate "2019.12.08"]
[EventType "swiss"]
[EventCountry "ENG"]
[TimeControl "15+10"]
[WhiteClock "0:09:17"]
[BlackClock "0:07:42"]

1. e4 c5 2. Nc3 d6 3. f4 Nc6 4. Nf3 g6 5. Bc4 Bg7 6. O-O e6 7. d3 Nge7 8. Qe1 O-O 9. a4 Nd4 10. Nxd4 cxd4 11. Nd1 d5 12. Bb3 dxe4 13. dxe4 d3 14. Be3 dxc2 15. Bxc2 b6 16. Nc3 Bb7 17. Rd1 Qc7 18. Bb1 a6 19. Qf2 Nc8 20. f5 exf5 21. exf5 Re8 22. fxg6 hxg6 23. Ba2 Rf8 24. Bd4 Bxd4 25. Rxd4 Nd6 26. Qf6 1-0

[Event "11th LCC Rapid 2019"]
[Site "London"]
[Date "2019.12.07"]
[Round "3.1"]
[White "Abrahams, Daniel"]
[Black "Hebden, Mark L"]
[Result "0-1"]
[WhiteElo "2176"]
[BlackElo "2433"]
[PlyCount "62"]
[EventDate "2019.12.08"]
[EventType "swiss"]
[EventCountry "ENG"]
[TimeControl "15+10"]
[WhiteClock "0:05:49"]
[BlackClock "0:04:28"]

1. c4 g6 2. Nc3 Bg7 3. e3 Nf6 4. g3 O-O 5. Bg2 e6 6. Nge2 d5 7. b3 Nc6 8. d4 a5 9. cxd5 exd5 10. O-O Re8 11. Ba3 Nb4 12. Qd2 c6 13. Bxb4 axb4 14. Na4 Bf8 15. Rfc1 Ne4 16. Bxe4 dxe4 17. d5 cxd5 18. Nd4 Bh3 19. Rc2 Qf6 20. Rac1 Bd6 21. Nb6 Ra5 22. Na4 Be5 23. Qd1 h5 24. f4 exf3 25. Nxf3 Bd6 26. Rf2 Rxe3 27. Qd4 Qxd4 28. Nxd4 b5 29. Nb6 Bc5 30. Nc6 Rxa2 31. Rxa2 Re1# 0-1

[Event "11th LCC Rapid 2019"]
[Site "London"]
[Date "2019.12.07"]
[Round "3.2"]
[White "Salem, Ihab"]
[Black "Harvey, Marcus R"]
[Result "0-1"]
[WhiteElo "2071"]
[BlackElo "2412"]
[PlyCount "108"]
[EventDate "2019.12.08"]
[EventType "swiss"]
[EventCountry "ENG"]
[TimeControl "15+10"]
[WhiteClock "0:13:33"]
[BlackClock "0:01:06"]

1. e4 e6 2. d3 c5 3. Nf3 Nc6 4. g3 d6 5. Bg2 g6 6. O-O Bg7 7. c3 e5 8. Bg5 Nge7 9. Na3 O-O 10. Qd2 a6 11. Nc2 f5 12. exf5 Bxf5 13. Ne3 Be6 14. h4 h6 15. Bxe7 Qxe7 16. h5 g5 17. Nh2 Qf7 18. Qe2 d5 19. Rae1 Rac8 20. Qd1 b5 21. a4 Kh8 22. axb5 axb5 23. b3 Rfd8 24. Nc2 c4 25. b4 cxd3 26. Qxd3 e4 27. Qxb5 Bxc3 28. Re3 Nd4 29. Nxd4 Bxd4 30. Ra3 Rc2 31. Ra6 Rxf2 32. Kh1 Rxf1+ 33. Qxf1 Qxf1+ 34. Bxf1 Bf7 35. Rxh6+ Kg7 36. Rc6 Bxh5 37. b5 Be5 38. b6 d4 39. g4 d3 40. gxh5 d2 41. h6+ Kh7 42. Be2 d1=Q+ 43. Bxd1 Rxd1+ 44. Kg2 Rd2+ 45. Kf1 Rxh2 46. Re6 Bf4 47. Rxe4 Kxh6 48. b7 Rb2 49. Re7 Kh5 50. Rd7 Kg4 51. Kg1 Kf3 52. Rd3+ Be3+ 53. Kh1 Rxb7 54. Ra3 Rh7# 0-1

[Event "11th LCC Rapid 2019"]
[Site "London"]
[Date "2019.12.07"]
[Round "3.3"]
[White "Haydon, David L"]
[Black "Willow, Jonah B"]
[Result "1/2-1/2"]
[WhiteElo "2294"]
[BlackElo "2355"]
[PlyCount "146"]
[EventDate "2019.12.08"]
[EventType "swiss"]
[EventCountry "ENG"]
[TimeControl "15+10"]

1. Nf3 c5 2. c4 Nc6 3. g3 g6 4. Bg2 Bg7 5. O-O e6 6. Nc3 Nge7 7. d3 O-O 8. Bd2 h6 9. Rb1 b6 10. a3 Bb7 11. b4 d6 12. bxc5 dxc5 13. Ne4 Rb8 14. Qc1 Kh7 15. a4 Nd4 16. Nxd4 cxd4 17. Bb4 f5 18. Nd2 Bxg2 19. Kxg2 Re8 20. Qa3 Nc6 21. Bd6 Rc8 22. Rfc1 Na5 23. Bb4 Nc6 24. Nb3 e5 25. a5 e4 26. axb6 axb6 27. Nd2 e3 28. Nf3 exf2 29. Kxf2 Qf6 30. Bd2 Bf8 31. Qa6 Qe6 32. Re1 Bc5 33. Rxb6 Bxb6 34. Qxb6 Rb8 35. Qc5 Rb2 36. Kf1 g5 37. e3 Rxd2 38. Nxd2 dxe3 39. Nf3 f4 40. g4 Qg6 41. Ke2 Rb8 42. Qa3 Qf6 43. Kf1 Rb2 44. Re2 Rb1+ 45. Kg2 Rb7 46. Qc5 Rb2 47. Rxb2 Qxb2+ 48. Kh3 Qf6 49. Qd5 Ne7 50. Qe4+ Kg7 51. d4 h5 52. d5 e2 53. gxh5 Qf5+ 54. Qxf5 Nxf5 55. Kg4 Nd4 56. Ne1 Kf6 57. c5 Ke5 58. h6 f3 59. Kg3 Nf5+ 60. Kxf3 Nxh6 61. d6 Kd5 62. Kxe2 Kxc5 63. d7 Nf7 64. Nf3 Kd6 65. Nxg5 Nd8 66. Ke3 Kxd7 67. Ke4 Ne6 68. h4 Nxg5+ 69. hxg5 Ke6 70. Kf4 Kf7 71. Kf5 Kg7 72. g6 Kg8 73. Kf6 Kf8 1/2-1/2

[Event "11th LCC Rapid 2019"]
[Site "London"]
[Date "2019.12.07"]
[Round "3.4"]
[White "Mihalik, Agoston"]
[Black "O'Gorman, Tom"]
[Result "0-1"]
[WhiteElo "2196"]
[BlackElo "2001"]
[PlyCount "114"]
[EventDate "2019.12.08"]
[EventType "swiss"]
[EventCountry "ENG"]
[TimeControl "15+10"]
[WhiteClock "0:01:49"]
[BlackClock "0:00:32"]

1. e4 c5 2. Nf3 d6 3. Bb5+ Bd7 4. Bxd7+ Nxd7 5. O-O Ngf6 6. Qe2 Rc8 7. c4 g6 8. b3 Bg7 9. Bb2 O-O 10. d4 cxd4 11. Nxd4 e6 12. Nc3 d5 13. cxd5 exd5 14. exd5 Nb6 15. Rad1 Nbxd5 16. Nxd5 Qxd5 17. Nb5 Qe4 18. Qxe4 Nxe4 19. Bxg7 Kxg7 20. Rc1 a6 21. Nc7 Rfd8 22. f3 Nf6 23. b4 Nh5 24. g3 Nf6 25. a4 Kg8 26. b5 axb5 27. Nxb5 Ra8 28. Rc4 Nd5 29. Rd4 Nb6 30. Rfd1 Rxd4 31. Rxd4 Nxa4 32. Rd7 Nc5 33. Rc7 b6 34. Nd6 Rf8 35. Nc4 Na4 36. Nd6 Kg7 37. Kf2 Kf6 38. Ne4+ Ke6 39. Ng5+ Kd6 40. Ra7 b5 41. Nxf7+ Kc5 42. Ng5 Rb8 43. Ne4+ Kc4 44. Nd6+ Kb3 45. Rxh7 b4 46. Ne4 Nc3 47. Nc5+ Kc4 48. Na6 Rb6 49. Nxb4 Kxb4 50. h4 Kc4 51. h5 Rb2+ 52. Kf1 gxh5 53. Rxh5 Kd4 54. Rf5 Ke3 55. g4 Ne2 56. Rf8 Nf4 57. g5 Rb1# 0-1

[Event "11th LCC Rapid 2019"]
[Site "London"]
[Date "2019.12.07"]
[Round "3.5"]
[White "Makkar, Rajat"]
[Black "Gordon, Stephen J"]
[Result "0-1"]
[WhiteElo "2137"]
[BlackElo "2495"]
[PlyCount "82"]
[EventDate "2019.12.08"]
[EventType "swiss"]
[EventCountry "ENG"]
[TimeControl "15+10"]
[WhiteClock "0:07:22"]
[BlackClock "0:08:36"]

1. d4 d5 2. c4 e6 3. Nf3 a6 4. g3 dxc4 5. Bg2 Nc6 6. O-O Rb8 7. e3 b5 8. e4 Nf6 9. Ne5 Nxe5 10. dxe5 Qxd1 11. Rxd1 Nd7 12. f4 Bc5+ 13. Kf1 Bb7 14. Ke2 Ke7 15. Be3 Bxe3 16. Kxe3 Nc5 17. Nc3 Rhd8 18. g4 Nd3 19. b3 Nb2 20. Rxd8 Rxd8 21. Rb1 Rd3+ 22. Ke2 Rxc3 23. Rxb2 cxb3 24. axb3 c5 25. Kd2 b4 26. f5 exf5 27. gxf5 g6 28. Bf1 Bxe4 29. fxg6 hxg6 30. Bxa6 Bd5 31. Rc2 Rxc2+ 32. Kxc2 Ke6 33. h4 Kxe5 34. Be2 Kf4 35. h5 gxh5 36. Bxh5 Ke3 37. Bg4 Be4+ 38. Kb2 f5 39. Bh5 f4 40. Bd1 Kd2 41. Bg4 f3 0-1

[Event "11th LCC Rapid 2019"]
[Site "London"]
[Date "2019.12.07"]
[Round "3.6"]
[White "Arkell, Keith C"]
[Black "Marusenko, Petr"]
[Result "1-0"]
[WhiteElo "2453"]
[BlackElo "2085"]
[PlyCount "175"]
[EventDate "2019.12.08"]
[EventType "swiss"]
[EventCountry "ENG"]
[TimeControl "15+10"]
[WhiteClock "0:05:17"]
[BlackClock "0:07:23"]

1. d4 d5 2. c4 c6 3. Nf3 Nf6 4. Qc2 g6 5. Bf4 Bf5 6. Qb3 Qb6 7. e3 Nbd7 8. Nc3 Bg7 9. h3 Qxb3 10. axb3 h5 11. Be2 O-O 12. Ne5 Ne4 13. Nxd7 Bxd7 14. cxd5 Nxc3 15. bxc3 cxd5 16. Kd2 a6 17. Ra5 Bc6 18. Bf3 Rad8 19. Bc7 Rd7 20. Bb6 f6 21. g4 hxg4 22. hxg4 e5 23. c4 dxc4 24. Bxc6 bxc6 25. bxc4 Rb8 26. Rxa6 Bf8 27. Kc3 exd4+ 28. Bxd4 Bb4+ 29. Kc2 c5 30. Bc3 Bxc3 31. Kxc3 Kg7 32. Rc6 Ra8 33. Rxc5 Ra2 34. Rd5 Rda7 35. f4 Re7 36. Re1 Rg2 37. g5 f5 38. c5 Ra2 39. c6 Ra6 40. Rd6 Rc7 41. Kd4 Raxc6 42. Rxc6 Rxc6 43. Rb1 Rc7 44. Rb5 Re7 45. Re5 Rd7+ 46. Kc5 Ra7 47. Re6 Rb7 48. Kc6 Ra7 49. Kb6 Rd7 50. Rc6 Rd3 51. Re6 Rd7 52. Kc5 Ra7 53. Kd6 Ra6+ 54. Kd7 Ra7+ 55. Kd8 Ra8+ 56. Kc7 Ra7+ 57. Kc8 Kf7 58. Rf6+ Kg7 59. Rd6 Ra3 60. Re6 Ra7 61. Kd8 Ra8+ 62. Kc7 Ra7+ 63. Kb6 Rd7 64. Kc6 Ra7 65. Kb5 Rc7 66. Ka6 Kf7 67. Rf6+ Kg7 68. Rd6 Kf7 69. Kb6 Rc3 70. Rf6+ Kg7 71. Re6 Rc4 72. Kb5 Rc1 73. Rc6 Rd1 74. Kc4 Rd7 75. Re6 Ra7 76. Kc5 Ra5+ 77. Kb6 Rd5 78. Kc6 Ra5 79. Re7+ Kg8 80. Kd6 Ra3 81. Ke5 Rxe3+ 82. Kf6 Re4 83. Ra7 Rxf4 84. Kxg6 Kf8 85. Kf6 Ke8 86. g6 Rb4 87. g7 Rb6+ 88. Kg5 1-0

[Event "11th LCC Rapid 2019"]
[Site "London"]
[Date "2019.12.07"]
[Round "3.7"]
[White "Clarke, Brandon Gi"]
[Black "Stoyanov, Viktor"]
[Result "1-0"]
[WhiteElo "2380"]
[BlackElo "2272"]
[PlyCount "65"]
[EventDate "2019.12.08"]
[EventType "swiss"]
[EventCountry "ENG"]
[TimeControl "15+10"]
[WhiteClock "0:03:54"]
[BlackClock "0:01:52"]

1. e4 c6 2. d4 d5 3. e5 c5 4. dxc5 e6 5. a3 Bxc5 6. Nf3 Ne7 7. b4 Bb6 8. Bd3 a5 9. Bb2 axb4 10. axb4 Rxa1 11. Bxa1 Nbc6 12. b5 Nb8 13. Nbd2 Nd7 14. c4 Nc5 15. Bc2 O-O 16. O-O Bd7 17. h4 h6 18. g3 dxc4 19. Nd4 c3 20. Bxc3 Nd5 21. Bb2 Nb4 22. Ba3 Nxc2 23. Qxc2 Qc7 24. Nc4 Rc8 25. Rc1 Na4 26. Qxa4 Bxd4 27. Nd6 Qb6 28. Nxc8 Bxf2+ 29. Kg2 Bxg3 30. Ne7+ Kh7 31. Qe4+ g6 32. Kxg3 Bxb5 33. h5 1-0

[Event "11th LCC Rapid 2019"]
[Site "London"]
[Date "2019.12.07"]
[Round "3.8"]
[White "Fernandez, Michael"]
[Black "Stewart, Ashley"]
[Result "1/2-1/2"]
[WhiteElo "2186"]
[BlackElo "2172"]
[PlyCount "79"]
[EventDate "2019.12.08"]
[EventType "swiss"]
[EventCountry "ENG"]
[TimeControl "15+10"]
[WhiteClock "0:00:26"]
[BlackClock "0:00:53"]

1. b4 e5 2. Bb2 Bxb4 3. Bxe5 Nf6 4. Nf3 d5 5. e3 O-O 6. c4 Nc6 7. Bb2 Re8 8. Be2 Bg4 9. cxd5 Nxd5 10. O-O Qd7 11. Nc3 Nxc3 12. Bxc3 Bxc3 13. dxc3 Qxd1 14. Rfxd1 Ne5 15. Kf1 Nxf3 16. gxf3 Be6 17. f4 Rad8 18. a3 Kf8 19. Bf3 c6 20. Rab1 Rxd1+ 21. Bxd1 Re7 22. Bc2 Rd7 23. Ke1 h6 24. Be4 Ke7 25. f5 Bd5 26. Bxd5 cxd5 27. Rd1 Rc7 28. Rxd5 Rxc3 29. a4 Ra3 30. Rd4 Kf6 31. Rd7 Rxa4 32. Rxb7 Ra2 33. e4 Ke5 34. Rxf7 Kxe4 35. f6 gxf6 36. Rxf6 h5 37. Rh6 Kf3 38. Rxh5 Ra1+ 39. Kd2 Kxf2 40. Kc3 1/2-1/2

[Event "11th LCC Rapid 2019"]
[Site "London"]
[Date "2019.12.07"]
[Round "3.9"]
[White "Johnson, Daniel"]
[Black "Harakis, Alexis M"]
[Result "1-0"]
[WhiteElo "2144"]
[BlackElo "2267"]
[PlyCount "75"]
[EventDate "2019.12.08"]
[EventType "swiss"]
[EventCountry "ENG"]
[TimeControl "15+10"]

1. d4 Nf6 2. c4 e6 3. Nc3 d5 4. cxd5 exd5 5. Bg5 c6 6. e3 Be7 7. Qc2 Nbd7 8. Bd3 Nh5 9. Bxe7 Qxe7 10. Nge2 g6 11. O-O O-O 12. Rab1 Nb6 13. b4 a6 14. Na4 Nxa4 15. Qxa4 Ng7 16. Qc2 Bf5 17. a4 Bxd3 18. Qxd3 b5 19. Rfc1 Rfc8 20. axb5 axb5 21. Rc5 Ne6 22. Rcc1 Ng5 23. Nc3 Qd7 24. h4 Ne6 25. Rc2 Ng7 26. e4 Ne6 27. e5 Nf4 28. Qf3 Qf5 29. Rbc1 Re8 30. g4 Qd3 31. Qxf4 Ra3 32. Ne2 Qh3 33. Rc3 Rxc3 34. Rxc3 Qxh4 35. Rxc6 Ra8 36. Rc7 f6 37. exf6 Rf8 38. g5 1-0

[Event "11th LCC Rapid 2019"]
[Site "London"]
[Date "2019.12.07"]
[Round "3.10"]
[White "Willmoth, Robert F"]
[Black "Ilfeld, Etan"]
[Result "0-1"]
[WhiteElo "2111"]
[BlackElo "2188"]
[PlyCount "68"]
[EventDate "2019.12.08"]
[EventType "swiss"]
[EventCountry "ENG"]
[TimeControl "15+10"]
[WhiteClock "0:00:23"]
[BlackClock "0:01:21"]

1. d4 d5 2. Nf3 e6 3. b3 Nf6 4. Bb2 Be7 5. Nbd2 O-O 6. e3 b6 7. Bd3 Bb7 8. O-O c5 9. Ne5 Nc6 10. a3 Qc7 11. f4 cxd4 12. exd4 g6 13. g4 Bd6 14. Qf3 Ne7 15. Rae1 Bc8 16. h4 h5 17. gxh5 Nxh5 18. Re2 Kg7 19. Rg2 Rh8 20. Kf2 Nf5 21. Bxf5 exf5 22. c3 Be6 23. Rfg1 Rh6 24. Qe3 Qe7 25. Ndf3 Rah8 26. Ng5 Nf6 27. Nxg6 Rxg6 28. Nxe6+ Kh6 29. Rxg6+ fxg6 30. Kf3 Ng4 31. Qe2 Re8 32. Re1 Qxh4 33. Rg1 Rxe6 34. Qxe6 Qf2# 0-1

[Event "11th LCC Rapid 2019"]
[Site "London"]
[Date "2019.12.07"]
[Round "3.11"]
[White "Myall, Ivan J"]
[Black "Lucchi, Lorenzo"]
[Result "1-0"]
[WhiteElo "1994"]
[BlackElo "2089"]
[PlyCount "163"]
[EventDate "2019.12.08"]
[EventType "swiss"]
[EventCountry "ENG"]
[TimeControl "15+10"]
[WhiteClock "0:04:39"]
[BlackClock "0:03:08"]

1. e4 c5 2. c3 e5 3. Nf3 Nc6 4. Bc4 Qc7 5. O-O Nf6 6. Re1 Be7 7. a4 Na5 8. Ba2 c4 9. d3 cxd3 10. Qxd3 O-O 11. Bg5 d6 12. b4 Nc6 13. a5 h6 14. Bh4 Be6 15. Na3 Rac8 16. Bxe6 fxe6 17. Nb5 Qd7 18. Rad1 a6 19. Bxf6 Rxf6 20. Na3 Qc7 21. Nb1 Nd8 22. Rc1 Nf7 23. Qe3 Nh8 24. g3 Nf7 25. Rcd1 Nd8 26. Nh4 Nc6 27. Ng2 Na7 28. Qxa7 Rcf8 29. Rf1 R8f7 30. Qb6 Qc8 31. f4 Qc4 32. Qe3 g5 33. Qd3 Qxd3 34. Rxd3 exf4 35. gxf4 gxf4 36. Ne1 Rg6+ 37. Kh1 Kh7 38. Rdf3 e5 39. Nd2 Rg8 40. Rh3 Rc8 41. Nef3 Bd8 42. c4 Be7 43. c5 dxc5 44. Nxe5 Rg7 45. bxc5 Bxc5 46. Ndf3 Be3 47. Nf7 Rg6 48. e5 Rc5 49. N7g5+ Kg7 50. Ne4 Rxa5 51. Rd1 Kf8 52. Rh5 Ra2 53. Rf5+ Ke7 54. Rf6 Rgg2 55. Rxh6 Rg8 56. Rh7+ Ke6 57. Neg5+ Kf5 58. e6 Re2 59. Rd5+ Kf6 60. Rf7+ Kg6 61. Nh4+ Kh5 62. Ngf3+ Kg4 63. Rd1 Kh3 64. e7 Bc5 65. Rf8 Rxf8 66. exf8=Q Bxf8 67. Ng1+ Kxh4 68. Nxe2 Kg4 69. Nxf4 Kxf4 70. Rf1+ Ke4 71. Rxf8 Kd5 72. Kg2 a5 73. Kf3 a4 74. Ke3 Kc4 75. Kd2 b5 76. Kc2 Kb4 77. Rf4+ Ka3 78. h4 b4 79. h5 b3+ 80. Kb1 b2 81. Rxa4+ Kxa4 82. h6 1-0

[Event "11th LCC Rapid 2019"]
[Site "London"]
[Date "2019.12.07"]
[Round "3.12"]
[White "Akeya-Price, Robert"]
[Black "Eames, Robert S"]
[Result "0-1"]
[WhiteElo "1880"]
[BlackElo "2150"]
[PlyCount "74"]
[EventDate "2019.12.08"]
[EventType "swiss"]
[EventCountry "ENG"]
[TimeControl "15+10"]
[WhiteClock "0:06:33"]
[BlackClock "0:00:43"]

1. d4 Nf6 2. c4 c5 3. d5 b5 4. cxb5 a6 5. bxa6 g6 6. Nc3 Bg7 7. Nf3 O-O 8. g3 d6 9. Bg2 Bxa6 10. Qc2 Nbd7 11. O-O Nb6 12. Rd1 Ng4 13. h3 Ne5 14. Nxe5 Bxe5 15. Rb1 Nc4 16. b3 Qa5 17. Na4 Bb5 18. e4 Bxa4 19. Qxc4 Bb5 20. Qc2 Qxa2 21. Qxa2 Rxa2 22. Be3 Rfa8 23. Bf1 Bxf1 24. Kxf1 Kg7 25. Rdc1 Rb8 26. Rc4 Rb2 27. Rxb2 Bxb2 28. b4 cxb4 29. Ke2 b3 30. Kd3 Ba3 31. Bd4+ f6 32. Rc7 Kf7 33. Ra7 b2 34. Bxb2 Bxb2 35. Ke3 Rb3+ 36. Kf4 h5 37. g4 Be5# 0-1